 Dungeon Crawl Stone Soup version 0.21.0-26-g889b8f6 (webtiles) character file.

427 pk666 the Chopper (level 6, -5/58 HPs)
             Began as a Minotaur Berserker on Jan 27, 2018.
             Was an Elder of Trog.
             Slain by halftheisland's ghost (14 damage)
             ... on level 4 of the Dungeon.
             The game lasted 00:07:07 (2385 turns).

pk666 the Chopper (Minotaur Berserker)              Turns: 2385, Time: 00:07:07

Health: -5/58      AC:  6    Str: 23    XL:     6   Next: 65%
Magic:  5/5        EV: 12    Int:  4    God:    Trog [****..]
Gold:   260        SH:  0    Dex: 10    Spells: 5/5 levels left

rFire    + . .     SeeInvis .   r - +2 hand axe (flame)
rCold    . . .     Gourm    .   (no shield)
rNeg     . . .     Faith    +   d - +0 scale mail
rPois    .         Spirit   .   (helmet restricted)
rElec    .         Reflect  .   (no cloak)
rCorr    .         Harm     .   (no gloves)
MR       .....                  (no boots)
Stlth    ..........             j - amulet of faith
HPRegen  0.19/turn              k - +2 ring of evasion
MPRegen  0.09/turn              o - ring of protection from fire

@: no status effects
A: retaliatory headbutt, horns 2
a: Berserk, Trog's Hand, Brothers in Arms, Burn Spellbooks, Renounce Religion


You were on level 4 of the Dungeon.
You worshipped Trog.
Trog was greatly pleased with you.
You were not hungry.

You visited 1 branch of the dungeon, and saw 4 of its levels.

You collected 260 gold pieces.

Inventory:

Hand Weapons
 r - a +2 hand axe of flaming (weapon)
Armour
 d - a +0 scale mail (worn)
Jewellery
 j - an amulet of faith (around neck)
 k - a +2 ring of evasion (left hand)
 o - a ring of protection from fire (right hand)
Scrolls
 g - 2 scrolls of immolation {unknown}
 h - a scroll of fog {unknown}
 i - 2 scrolls of enchant armour {unknown}
 l - 5 scrolls of identify {unknown}
 m - 2 scrolls of teleportation {unknown}
 n - 3 scrolls of magic mapping {unknown}
 q - a scroll of remove curse {unknown}
Potions
 b - a potion of invisibility {unknown}
 e - 3 potions of curing {unknown}
 f - a potion of brilliance {unknown}
Comestibles
 a - 5 chunks of flesh
 c - 7 rations


   Skills:
 + Level 6.9 Fighting
 + Level 6.9 Axes
 - Level 2.4 Armour
 - Level 2.1 Dodging


You had 5 spell levels left.
You didn't know any spells.

Dungeon Overview and Level Annotations

Branches:
Dungeon (4/15)
 Temple: D:4-7

Altars:
Gozag

Annotations:
D:4 halftheisland's ghost, amateur TrBe


Innate Abilities, Weirdness & Mutations

You reflexively headbutt those who attack you in melee.
You have a pair of horns on your head.


Message History

Your headbutt misses halftheisland's ghost.
Halftheisland's ghost is moderately damaged.
Halftheisland's ghost hits you!!
Ouch! That really hurt!
You slash halftheisland's ghost! You burn halftheisland's ghost.
Halftheisland's ghost is moderately damaged.
Halftheisland's ghost closely misses you.
You furiously retaliate!
You headbutt halftheisland's ghost!
You hit halftheisland's ghost but do no damage.
Halftheisland's ghost is heavily damaged.
Halftheisland's ghost barely misses you.
You hit halftheisland's ghost. You burn halftheisland's ghost.
Halftheisland's ghost is severely damaged.
Halftheisland's ghost screams, "You must not fail where I succeeded!"
Halftheisland's ghost hits you!!
* * * LOW HITPOINT WARNING * * *
You barely miss halftheisland's ghost.
Halftheisland's ghost is severely damaged.
Halftheisland's ghost hits you!
You die...

##.......... #.
#..........$
#.######...........
#.##...............
#.#.........%......
#.#.####........... #.#.#
#...........
#######.#.####.##........
.......†@W.....# ...#....
.......[)..##### .####..
...........# .. ..#
.........).# W.
...........# ...........#
...........# .......#####
.......


You could see halftheisland's ghost.

Vanquished Creatures
  An ogre (D:3)
  2 jellies (D:2)
  2 orc priests
  An iguana (D:4)
  4 adders (D:2)
  9 oozes (D:2)
  5 worms
  3 leopard geckos
  16 orcs
  5 bats
  3 giant cockroaches
  5 goblins
  11 hobgoblins
  2 jackals (D:2)
  3 quokkas
  A ball python (D:3)
  4 frilled lizards
  14 kobolds
  7 rats
98 creatures vanquished.

Vanquished Creatures (others)
  A fungus (D:2)
  8 toadstools (D:2)
9 creatures vanquished.

Grand Total: 107 creatures vanquished

Notes
Turn   | Place    | Note
-------+----------+-------------------------------------------
     0 | D:1      | pk666 the Minotaur Berserker began the quest for the Orb.
     0 | D:1      | Reached XP level 1. HP: 19/19 MP: 0/0
   228 | D:1      | Reached XP level 2. HP: 9/27 MP: 1/1
   641 | D:2      | Reached XP level 3. HP: 28/34 MP: 2/2
   749 | D:2      | Reached ** piety under Trog
   857 | D:2      | Reached skill level 5 in Fighting
   857 | D:2      | Reached XP level 4. HP: 31/42 MP: 3/3
   860 | D:2      | Reached skill level 5 in Axes
  1062 | D:2      | Reached XP level 5. HP: 29/48 MP: 4/4
  1193 | D:3      | Reached *** piety under Trog
  1646 | D:3      | Found an opulent altar of Gozag.
  1721 | D:3      | Reached XP level 6. HP: 37/57 MP: 5/5
  1908 | D:4      | Noticed halftheisland's ghost (amateur TrBe)
  2330 | D:3      | Reached **** piety under Trog
  2385 | D:4      | Slain by halftheisland's ghost

Skill      XL: |  1  2  3  4  5 |
---------------+----------------+-----
Fighting       | 4 5 6 |  6.9
Axes           | 4 5 6 |  6.9
Armour         | |  2.4
Dodging        | |  2.1

Action                   |  1- 3 |  4- 6 || total
-------------------------+-------+-------++-------
Melee: Hand axe          |    71 |   132 ||   203
       Headbutt          |    10 |    21 ||    31
  Eat: Chunk             |       |     5 ||     5
Armor: Animal skin       |     4 |       ||     4
       Scale mail        |    25 |    51 ||    76
Dodge: Dodged            |    54 |    78 ||   132
